 Dungeon Crawl Stone Soup version 0.31-a0-841-g038b102fc3 (webtiles) character file.

Game seed: 7439514183602419722

7795 redmage the Thaumaturge (level 11, -3/61 HPs)
             Began as an Octopode Earth Elementalist on Sept 27, 2023.
             Was a Priest of Kikubaaqudgha.
             Slain by a meliai
             ... wielding a +0 hand axe
              (10 damage)
             ... on level 10 of the Dungeon on Sept 28, 2023.
             The game lasted 00:56:03 (10224 turns).

redmage the Thaumaturge (OpEE)                     Turns: 10224, Time: 00:56:03

Health: -3/61      AC:  1    Str:  7    XL:     11   Next: 20%
Magic:  15/24      EV: 13    Int: 21    God:    Kikubaaqudgha [***...]
Gold:   458        SH:  0    Dex: 14    Spells: 8/29 levels left

rFire   . . .        k - +2 dagger (vamp)
rCold   + . .        (no shield)
rNeg    . . .        (helmet restricted)
rPois   .            (no amulet)
rElec   .            h - ring of wizardry
rCorr   .            v - ring of protection from cold
SInv    .            (no ring)
Will    .....        (no ring)
Stlth   +++++        (no ring)
HPRegen 0.30/turn    (no ring)
MPRegen 0.19/turn    (no ring)
                     (no ring)

%: wizardry (x1)
@: lethally poisoned (-3 -> -6)
A: almost no armour, amphibious, 8 rings, camouflage 1, gelatinous body 1,
(nimble swimmer 1), tentacles
a: Renounce Religion, Unearth Wretches


You were on level 10 of the Dungeon.
You worshipped Kikubaaqudgha.
Kikubaaqudgha was most pleased with you.
You visited 1 branch of the dungeon, and saw 11 of its levels.

You collected 458 gold pieces.

Inventory:

Hand Weapons
 k - a +2 vampiric dagger (weapon)
 m - a +4 dagger
 w - a +4 trident of freezing
 x - the +9 long sword of Zuthan {holy, *Noise Fly Will+}
   (You found it on level 10 of the Dungeon)

   Will+:     It increases your willpower.
   Fly:       It grants you flight.
   *Noise:    It may make a loud noise when swung.
Missiles
 o - 2 curare-tipped darts
 p - a throwing net
 s - 3 darts of dispersal
Magical Staves
 l - a staff of cold
 n - a staff of poison
 u - a staff of air
Jewellery
 f - a ring of ice
 h - a ring of wizardry (left tentacle)
 v - a ring of protection from cold (right tentacle)
Talismans
 D - a blade talisman
Wands
 r - a wand of charming (9)
 y - a wand of polymorph (6)
Scrolls
 b - a scroll of teleportation
 c - 4 scrolls of revelation
 d - 3 scrolls of fog
 t - a scroll of amnesia
 B - a scroll of poison {unknown}
Potions
 a - a potion of magic
 e - a potion of resistance
 g - a potion of lignification
 i - a potion of haste
 j - 4 potions of enlightenment
 q - a potion of might
 z - 2 potions of heal wounds
 A - a potion of curing {unknown}
 C - a potion of brilliance {unknown}


   Skills:
 - Level 5.0 Short Blades
 - Level 2.0 Dodging
 - Level 8.0 Stealth
 + Level 9.6 Spellcasting
 - Level 4.0 Conjurations
 + Level 4.9 Necromancy
 - Level 4.0 Transmutations
 + Level 1.3 Ice Magic
 - Level 9.0 Earth Magic


You had 8 spell levels left.
You knew the following spells:

 Your Spells              Type           Power      Damage    Failure   Level
a - Sandblast             Erth           94%        2d19      1%          1
b - Passwall              Tmut/Erth      30%        N/A       1%          2
c - Stone Arrow           Conj/Erth      74%        3d11      1%          3
d - Petrify               Tmut/Erth      37%        N/A       1%          4
e - Borgnjor's Vile Clut  Necr/Erth      19%        N/A       4%          5
f - Simulacrum            Ice/Necr       11%        N/A       71%         6

Your spell library contained the following spells:

 Spells                   Type           Power      Damage    Failure   Level
 Kiss of Death            Conj/Necr      100%       2d13      1%          1
 Necrotise                Necr           100%       1d9       1%          1
 Sublimation of Blood     Necr           31%        N/A       1%          2
 Wereblood                Tmut           26%        N/A       1%          2
 Brom's Barrelling Bould  Conj/Erth      37%        2d6       1%          4
 Cigotuvi's Dreadful Rot  Necr/Pois/Air  34%        N/A       2%          2
 Dispel Undead            Necr           31%        3d14      3%          4
 Agony                    Necr           31%        N/A       10%         5
 Manifold Assault         Tloc           10%        N/A       26%         4
 Dispersal                Tloc           5%         N/A       98%         6
 Summon Hydra             Summ           5%         N/A       100%        7
 Disjunction              Tloc           5%         N/A       100%        8


Dungeon Overview and Level Annotations

Branches:
Dungeon (11/15)
 Temple: D:4-7         Lair: D:8-11         Orc: D:9-12

Altars:
Cheibriados
Gozag
Hepliaklqana
Kikubaaqudgha
Nemelex Xobeh
Vehumet
Wu Jian
Yredelemnul
Zin
The Shining One

Annotations:
D:2 2 exclusions
D:4 2 exclusions, Dowan, Pikel
D:6 exclusion: centaur
D:10 4 runed translucent doors


Innate Abilities, Weirdness & Mutations

You cannot wear most types of armour.
You are amphibious.
You can wear up to eight rings at the same time.
Your skin changes colour to match your surroundings (Stealth+).
Your rubbery body absorbs attacks. (AC +1, EV +1)
((You are camouflaged when in or above water. (Stealth+)))
You have tentacles for arms and can constrict up to eight enemies at once.


Message History

The meliai poisons you!
The meliai struggles to escape constriction.
Unknown command.
Unknown command.
The zombie hands constrict the meliai. x2
You feel very sick.
The meliai calls upon its god to heal the meliai.
The meliai is healed somewhat.
The meliai struggles to escape constriction.
The meliai calls upon its god to heal the meliai.
The meliai's wounds heal themselves!
The meliai struggles to escape constriction.
You hear an angry buzzing noise.
The zombie hands lose their grip on something.
The zombie hands constrict the meliai.
You feel very sick.
The meliai struggles to escape constriction.
The meliai escapes!
You feel sick.
There is a stone staircase leading up here.
You feel sick.
The meliai calls down the wrath of its god upon you.
Something smites you!
You climb upwards.
Level annotation: 4 runed translucent doors You feel sick.
There is a stone staircase leading down here.
Unknown command.
Casting: Borgnjor's Vile Clutch (dangerous; 4% risk of failure)
Confirm with . or Enter, or press ? or * to list all spells.
Aiming: Borgnjor's Vile Clutch (dangerous; 4% risk of failure)
Press: ? - help, Shift-Dir - straight line, f - meliai
Aim: a meliai, wielding a +0 hand axe and wearing a +0 leather armour (moderately wounded, 100% to hit)
Zombie hands grab the meliai.
The zombie hands constrict the meliai.
You feel sick.
The meliai hits you with a +0 hand axe!!
* * * LOW HITPOINT WARNING * * *
The meliai stings you!
You die...
Kikubaaqudgha rasps: "You have failed me!
Welcome... death!"

#..........#
#.....[....# ######
#..........#######.....
#............†.†......#
#...................###
#......#######....### .
#......# #....# .#
#....(.# #...## ###
#.....@# ##...# .# .
#####.y# #...##.##..
#..######...+..+..[
#...........##.##..
#...#'###....# .# .
#...#...#....## ###
#...#...#..#..# .#
#...+...#..#..### .
#...#...#..'....###


You could see a meliai (clutched).

Vanquished Creatures
  2 two-headed ogres (D:10)
  An ugly thing (D:9)
  Maggie (D:7)
  A shadow (D:10)
  13 yaks
  3 wyverns
  A water moccasin (D:9)
  3 sky beasts
  4 orc warriors
  2 ice beasts
  3 ogres
  A centaur (D:9)
  2 lemures
  4 kobold brigands
  A bullfrog (D:9)
  11 wights
  5 killer bees (D:10)
  11 howler monkeys
  3 hounds
  A gnoll bouda (D:10)
  2 jellies
  An orc priest (D:9)
  An iguana (D:7)
  5 orc wizards
  15 gnolls
  7 adders
  3 ufetubi
  3 worms
  4 dart slugs
  30 orcs
  9 endoplasms
  4 giant cockroaches
  6 goblins
  A hobgoblin (D:2)
  32 kobolds
  4 quokkas
  6 ball pythons
  4 bats
  3 frilled lizards
  9 rats
222 creatures vanquished.

Notes
Turn   | Place    | Note
-------+----------+-------------------------------------------
     0 | D:1      | redmage the Octopode Earth Elementalist began the quest for
                  | the Orb.
     0 | D:1      | Reached XP level 1. HP: 11/11 MP: 3/3
   164 | D:1      | Reached XP level 2. HP: 17/17 MP: 0/5
   592 | D:1      | Reached XP level 3. HP: 20/21 MP: 6/6
   667 | D:1      | Learned a level 2 spell: Passwall
   671 | D:1      | Learned a level 3 spell: Stone Arrow
  1248 | D:2      | Noticed an ogre
  1328 | D:2      | Reached XP level 4. HP: 24/27 MP: 4/8
  2048 | D:3      | Reached XP level 5. HP: 31/31 MP: 5/10
  2643 | D:4      | Learned a level 4 spell: Petrify
  2749 | D:4      | Noticed Dowan
  2804 | D:4      | Noticed a lemure
  2846 | D:4      | Noticed Pikel
  2848 | D:4      | Noticed a lemure
  2848 | D:4      | Noticed a lemure
  2951 | D:4      | Killed a lemure
  3352 | D:4      | Noticed a lemure
  3382 | D:3      | Killed a lemure
  3516 | D:5      | Entered Level 5 of the Dungeon
  3543 | D:5      | Noticed an ogre
  3545 | D:5      | Killed an ogre
  3546 | D:5      | Reached skill level 1 in Short Blades
  3546 | D:5      | Reached XP level 6. HP: 36/36 MP: 9/12
  3578 | D:5      | Found a hazy altar of Hepliaklqana.
  3615 | D:5      | Reached skill level 1 in Conjurations
  3691 | D:5      | Reached skill level 5 in Earth Magic
  3691 | D:5      | Reached XP level 7. HP: 41/41 MP: 3/13
  3821 | D:5      | Noticed an angel
  3822 | D:5      | Found a glowing silver altar of Zin.
  4312 | D:7      | Noticed Maggie
  4334 | D:7      | Killed Maggie
  4335 | D:7      | Reached XP level 8. HP: 28/46 MP: 1/15
  4807 | D:7      | Reached skill level 5 in Spellcasting
  5019 | D:7      | Found a sparkling altar of Nemelex Xobeh.
  5369 | D:7      | Noticed a wyvern
  5376 | D:7      | Killed a wyvern
  5407 | D:7      | Found an ancient bone altar of Kikubaaqudgha.
  5412 | D:7      | Became a worshipper of Kikubaaqudgha
  5635 | D:8      | Reached XP level 9. HP: 49/51 MP: 8/18
  5700 | D:8      | Identified the +8 chain mail "Ymual" {rF- rC+++ Will++
                  | Int-3}
  6098 | D:8      | Reached * piety under Kikubaaqudgha
  6098 | D:8      | Received a gift from Kikubaaqudgha
  6162 | D:8      | Found a radiant altar of Vehumet.
  7301 | D:9      | Reached skill level 5 in Short Blades
  7327 | D:9      | Reached ** piety under Kikubaaqudgha
  7373 | D:9      | Reached XP level 10. HP: 29/56 MP: 12/21
  7815 | D:9      | Found an opulent altar of Gozag.
  8301 | D:9      | Noticed a green ugly thing
  8335 | D:9      | Killed a green ugly thing
  8336 | D:9      | Reached skill level 1 in Necromancy
  8618 | D:10     | Entered Level 10 of the Dungeon
  8638 | D:10     | Found a runed translucent door.
  8691 | D:9      | Reached skill level 5 in Stealth
  8769 | D:10     | Identified the +9 long sword of Zuthan {holy, *Noise Fly
                  | Will+}
  8778 | D:10     | Noticed a two-headed ogre
  8798 | D:10     | Killed a two-headed ogre
  9041 | D:10     | Noticed a two-headed ogre
  9054 | D:10     | Killed a two-headed ogre
  9222 | D:10     | Found a glowing golden altar of the Shining One.
  9258 | D:10     | Reached XP level 11. HP: 61/61 MP: 14/24
  9311 | D:10     | Found a snail-covered altar of Cheibriados.
  9311 | D:10     | Found an ornate altar of the Wu Jian Council.
  9311 | D:10     | Found a basalt altar of Yredelemnul.
  9469 | D:10     | Found a runed translucent door.
  9513 | D:10     | Reached *** piety under Kikubaaqudgha
  9513 | D:10     | Received a gift from Kikubaaqudgha
  9637 | D:10     | Learned a level 5 spell: Borgnjor's Vile Clutch
  9644 | D:10     | Learned a level 6 spell: Simulacrum
  9685 | D:10     | Found a runed translucent door.
  9869 | D:10     | Found a runed translucent door.
 10105 | D:11     | Reached skill level 1 in Ice Magic
 10224 | D:10     | Slain by a meliai

Illustrated notes

Levels and vault maps discovered:
D:1:      erik_arrival_cave_to_civilisation [erik_arrival_cave_to_hall],
          layout_loops_ring
D:2:      layout_rooms
D:3:      layout_loops_ring, chequers_serial_rivers_small_b
D:4:      layout_basic, hangedman_decor_clover_reticule, uniq_duvessa,
          uniq_pikel
D:5:      layout_rooms, mainiacjoe_overflow_brackets, zin_angel,
          nrook_loot_triangle, serial_bayou_crossing
D:6:      layout_rooms, minmay_temple_entry_oklob, nicolae_grassy_gnolls,
          uniq_crazy_yiuf_cottage
D:7:      layout_basic, mainiacjoe_overflow_alcove_2, nemelex_dance_club_becter,
          uniq_jeremiah, uniq_maggie
D:8:      layout_cave_pods, mainiacjoe_overflow_paths, nicolae_nh_ransacked_shop
D:9:      kennysheep_spiral_hall, layout_basic, grunt_gozag_breadcrumbs,
          corexii_mini_fake_secret_closet
D:10:     layout_irregular_city, tso_metal_star,
          gammafunk_temple_overflow_forgotten, minmay_statue_crystal_thing
D:11:     layout_roguey, lair_entry_dummy, ebering_ghost_funeral_grove

Skill      XL: |  1  2  3  4  5  6  7  8  9 10 11 |
---------------+----------------------------------+-----
Stealth        | 3 4 7 8 |  8.0
Spellcasting   | 3 4 6 7 9 |  9.6
Earth Magic    | 4 5 6 8 9 |  9.0
Short Blades   | 1 2 4 5 |  5.0
Conjurations   | 1 2 4 |  4.0
Transmutations | 2 4 |  4.0
Necromancy     | 4 |  4.9
Ice Magic      | 1 |  1.3
Dodging        | |  2.0

Action                     |  1- 3 |  4- 6 |  7- 9 | 10-12 || total
---------------------------+-------+-------+-------+-------++-------
  Melee: Unarmed           |     4 |       |       |       ||     4
         Constrict         |     5 |     7 |    10 |     9 ||    31
         Dagger            |    28 |    44 |    74 |    72 ||   218
         Tentacles         |     2 |     8 |    17 |    27 ||    54
         Punch             |       |       |     1 |     4 ||     5
  Throw: Throwing net      |       |       |     2 |       ||     2
   Cast: Sandblast         |    29 |    58 |    76 |    18 ||   181
         Passwall          |     1 |     1 |     5 |     2 ||     9
         Stone Arrow       |       |     3 |    28 |    14 ||    45
         Petrify           |       |       |    11 |    32 ||    43
         Borgnjor's Vile C |       |       |       |     5 ||     5
  Evoke: Wand              |       |       |    12 |     9 ||    21
    Use: Scroll            |       |    10 |     1 |     3 ||    14
         Potion            |       |     1 |     4 |     1 ||     6
   Stab: Sleeping          |     7 |     5 |     7 |       ||    19
         Invisible         |       |     1 |       |       ||     1
         Held in net/web   |       |       |     1 |       ||     1
         Petrified         |       |       |     9 |    51 ||    60
         Petrifying        |       |       |     2 |       ||     2
 Armour: Skin              |     9 |    34 |    32 |    20 ||    95
  Dodge: Dodged            |    14 |    44 |    31 |    12 ||   101

Table legend: (Time is in decaauts)
 A = Elapsed time spent in this place.
 B = Non-inter-level travel time spent in this place.
 C = Inter-level travel time spent in this place.
 D = Time resting spent in this place.
 E = Time spent auto-exploring this place.
 F = Levels seen in this place.
 G = Mean time per level.
                   A        B        C        D        E       F      G
               +--------+--------+--------+--------+--------+-----+--------+
         Total |  10283 |   9788 |    495 |    970 |   6171 |  11 |  934.8 |
       Dungeon |  10283 |   9788 |    495 |    970 |   6171 |  11 |  934.8 |
               +--------+--------+--------+--------+--------+-----+--------+

Top non-repeatable levels by time:
     D:9: 1798 daAuts
     D:8: 1458 daAuts
    D:10: 1273 daAuts
     D:7: 1272 daAuts
     D:1: 1143 daAuts
     D:3: 1125 daAuts
     D:4: 679 daAuts
     D:5: 661 daAuts
     D:2: 605 daAuts
    D:11: 200 daAuts
     D:6: 64 daAuts
